Map: Alcyone LE

Players

Applepi - Winner!

  • Race: Zerg Zerg
  • League: Gold
  • Spawn Location: 7:00

A.I. 1 (Hard)

  • Race: Zerg Zerg
  • Spawn Location: 1:00

VOD

Have the link to the VOD?

Description

Time

  • Played on: May 13, 2025, 10:56 a.m.
  • Length: 10:18
Show
View Real Time Build Order
Export as new Build Order

Applepi Zerg - Winner!

Build Orders: Pool First 

Get SALT Encoding   

  12  0:05  Drone  
  13  0:13  Overlord  
  13  0:17  Drone  
  14  0:34  Drone x2  
  16  0:40  Drone  
  17  0:48  Extractor  
  16  0:50  Drone  
  16  0:51  Spawning Pool  
  16  1:00  Drone  
  17  1:14  Drone  
  18  1:20  Hatchery  
  17  1:28  Overlord  
  17  1:33  Drone  
  18  1:45  Queen  
  20  1:48  Drone  
  21  1:55  Drone  
  22  2:12  Drone  
  23  2:16  Zergling x2  
  23  2:20  Queen  
  26  2:26  Overlord  
  26  2:35  Drone  
  27  2:37  Drone  
  27  2:43  Queen  
  30  2:51  Drone x2  
  32  3:00  Drone x2  
  32  3:01  Drone  
  35  3:05  Overlord  
  35  3:10  Overlord  
  35  3:19  Queen, Lair  
  37  3:30  Evolution Chamber  
  36  3:34  Roach Warren  
  35  3:42  Metabolic Boost  
  35  3:46  Drone x2  
  37  4:08  Zergling x4  
  39  4:19  Roach x5  
  39  4:20  Roach x4  
  39  4:23  Roach  
  59  4:25  Overlord x2  
  59  4:39  Zerg Missile Weapons Level 1  
  58  4:46  Extractor  
  58  4:47  Drone x3  
  58  4:49  Drone x3  
  62  4:57  Zergling x8  
  66  5:11  Roach  
  66  5:12  Roach x2  
  66  5:13  Roach  
  74  5:16  Overlord  
  74  5:17  Overlord  
  74  5:38  Roach x5  
  84  5:48  Overlord x2  
  86  6:11  Roach x2  
  86  6:12  Roach x4  
  86  6:13  Roach x2  
  86  6:15  Overlord x2  
  100  6:32  Glial Reconstitution  
  100  6:39  Overlord x2  
  100  6:44  Roach x2  
  100  6:45  Roach  
  100  6:46  Zergling x6  
  109  6:58  Overlord  
  109  6:59  Overlord  
  109  7:01  Roach  
  109  7:02  Roach x2  
  109  7:04  Zergling x6  
  118  7:23  Zergling x12  
  118  7:30  Zergling x6  
  118  7:34  Hatchery  
  118  7:35  Zergling x4  
  120  7:38  Queen  
  120  7:42  Queen  
  112  7:53  Zergling x10  
  112  7:58  Roach x2  
  119  8:01  Zergling x2  
  120  8:15  Zergling x12  
  126  8:36  Zergling x12  
  130  8:44  Zergling x2  
  130  8:45  Zergling x8  
  135  9:01  Zergling x14  
  140  9:05  Overlord  
  140  9:10  Overlord  
  140  9:15  Roach x4  
  146  9:22  Drone  
  146  9:23  Drone x5  
  151  9:50  Roach x6  
  151  9:51  Roach x3  
Show
View Real Time Build Order
Export as new Build Order

A.I. 1 (Hard) Zerg 

Build Orders: 1 Base Baneling Bust, Pool First 

Get SALT Encoding   

  12  0:00  Drone  
  13  0:12  Overlord  
  13  0:16  Drone  
  14  0:30  Drone  
  14  0:32  Drone  
  16  0:44  Spawning Pool  
  16  0:45  Drone  
  16  0:49  Drone  
  17  0:52  Extractor  
  17  0:55  Drone  
  17  1:06  Overlord  
  17  1:31  Queen, Zergling x2  
  20  1:36  Zergling x2  
  20  1:37  Roach Warren  
  20  1:38  Drone  
  21  1:44  Extractor  
  20  1:49  Drone  
  21  2:00  Drone  
  22  2:10  Overlord  
  22  2:21  Drone  
  23  2:32  Roach  
  25  2:38  Roach  
  25  2:39  Drone  
  25  2:40  Overlord  
  28  2:44  Roach  
  30  2:54  Drone, Baneling Nest  
  30  2:56  Ravager  
  31  3:02  Ravager  
  34  3:05  Roach  
  34  3:10  Roach, Drone  
  38  3:12  Drone  
  38  3:17  Roach  
  40  3:28  Overlord  
  40  3:31  Evolution Chamber  
  39  3:39  Drone  
  40  3:41  Drone  
  40  3:43  Drone  
  40  3:45  Drone  
  43  3:51  Drone  
  44  4:32  Lair  
  44  4:33  Zerg Melee Weapons Level 1  
  44  4:35  Drone, Evolution Chamber  
  44  4:41  Overlord  
  44  5:00  Zerg Ground Armor Level 1  
  44  5:13  Roach  
  44  5:21  Roach  
  44  5:30  Roach, Burrow  
  44  5:32  Spore Crawler  
  44  5:33  Drone  
  44  5:34  Hydralisk Den  
  45  5:36  Drone  
  45  5:38  Roach  
  45  5:41  Spore Crawler  
  47  5:51  Overlord  
  47  5:54  Overseer  
  47  6:03  Overseer  
  47  6:04  Hydralisk  
  47  6:05  Drone, Spine Crawler  
  49  6:13  Hydralisk, Spine Crawler  
  49  6:14  Drone  
  51  6:19  Hatchery  
  51  6:21  Hydralisk  
  52  6:27  Zerg Missile Weapons Level 1  
  52  6:30  Hydralisk  
  54  6:36  Drone  
  55  6:41  Queen  
  55  6:43  Infestation Pit  
  55  6:45  Drone  
  57  7:03  Spire  
  56  7:32  Queen, Drone  
  56  7:33  Drone  
  56  7:34  Roach  
  56  7:35  Drone  
  56  7:36  Drone  
  62  7:38  Drone  
  62  7:39  Drone  
  62  7:42  Extractor  
  62  7:43  Spore Crawler  
  62  7:44  Zergling x2  
  57  7:46  Drone  
  57  7:50  Drone  
  57  7:51  Spore Crawler  
  48  7:55  Roach  
  38  8:00  Hydralisk  
  37  8:05  Hydralisk  
  37  8:10  Hydralisk  
  32  8:21  Queen  
  9  9:02  Drone  
  6  9:03  Drone  
  6  9:05  Drone  
  6  9:07  Drone  
Tags
 
Add a new tag
Caveats
  • Supply blocks, unpowered buildings, or Contaminate may cause inaccurate times.
  • Supply counts are checked every 10 seconds.